 Dungeon Crawl Stone Soup version 0.19.4 (webtiles) character file.

67 Minion the Vexing (level 4, -2/31 HPs)
             Began as a Human Wanderer on Feb 2, 2017.
             Was a Follower of Uskayaw.
             Slain by Terence
             ... wielding a +0 hand axe
              (4 damage)
             ... on level 2 of the Dungeon.
             The game lasted 00:06:19 (2180 turns).

Minion the Vexing (Human Wanderer)                  Turns: 2180, Time: 00:06:20

Health: -2/31      AC:  6    Str: 13    XL:     4   Next: 38%
Magic:  4/4        EV: 10    Int: 13    God:    Uskayaw [*.....]
Gold:   86         SH:  0    Dex: 12    Spells: 0 memorised, 3 levels left

rFire  . . .     SeeInvis .     h - +0 hand axe
rCold  . . .     Gourm    .     e - +0 ring mail
rNeg   . . .     Faith    .     (no shield)
rPois  .         Spirit   .     (no helmet)
rElec  .         Reflect  .     k - +0 cloak
rCorr  .         Harm     .     (no gloves)
MR     .....                    (no boots)
Stlth  +.........               (no amulet)
                                (no ring)
                                (no ring)

@: no status effects
A: no striking features
a: Stomp, Renounce Religion


You were on level 2 of the Dungeon.
You worshipped Uskayaw.
Uskayaw was noncommittal.
You were not hungry.

You visited 1 branch of the dungeon, and saw 2 of its levels.

You collected 86 gold pieces.

Inventory:

Hand Weapons
 h - a +0 hand axe (weapon)
Armour
 e - a +0 ring mail (worn)
 k - a +0 cloak (worn)
Wands
 b - a wand of flame (10/48)
Scrolls
 j - a scroll of remove curse {unknown}
 n - a scroll of recharging {unknown}
Potions
 d - a potion of berserk rage {unknown}
 g - a potion of experience {unknown}
 l - 2 potions of heal wounds {unknown}
 m - a potion of flight {unknown}
 p - a potion of haste {unknown}
Books
 a - a book of Battle

   Spells                             Type                      Level
   a - Infusion                       Charms                       1
   b - Shroud of Golubria             Charms/Translocation         2
   c - Song of Slaying                Charms                       2
   d - Spectral Weapon                Hexes/Charms                 3
   e - Regeneration                   Charms/Necromancy            3
Comestibles
 c - 2 chunks of flesh
 f - a bread ration
 o - a royal jelly


   Skills:
 + Level 0.8 Fighting
   Level 2.0 Long Blades
 + Level 1.1(1.6) Axes
   Level 1.9(2.3) Maces & Flails
   Level 1.6(2.1) Staves
 + Level 1.1 Armour
 + Level 0.4 Dodging
 - Level 2.0 Stealth
   Level 3.0 Hexes
   Level 2.0 Charms
 - Level 1.0 Evocations


You had 3 spell levels left.
You didn't know any spells.

Dungeon Overview and Level Annotations

Branches:
Dungeon (2/15)

Altars:
Uskayaw

Annotations:
D:2 Terence


Message History

Terence hits you with a hand axe.
* * * LOW HITPOINT WARNING * * *
You hit Terence but do no damage.
Terence is moderately wounded.
Terence hits you with a hand axe.
* * * LOW HITPOINT WARNING * * *
You barely miss Terence.
Terence is moderately wounded.
Terence barely misses you.
You hit Terence but do no damage.
Terence is moderately wounded.
Terence hits you with a hand axe.
* * * LOW HITPOINT WARNING * * *
You hit Terence.
Terence is heavily wounded.
Terence hits you but does no damage.
You hit Terence.
Terence is severely wounded.
Terence hits you with a hand axe.
You die...

#..).# #...........# #.#..
#..### #.#.....###.# #.#_)
#..#####.####..###.# #.#..
#.(.........#...##.# #...)
##.....)....#...##.# #....
#..........#...##.# ##.8.
#..............##.# #...
#...(.....@....##)#########.
#..........@##.##.##........
#..............##)##.######.
#...............))...# #.
#...........########## #.
###########.# ## #.# #.# #
#.# # .# #


You could see Terence.

Vanquished Creatures
  Robin (D:2)
  A worm (D:2)
  3 dart slugs
  A ball python (D:1)
  3 bats (D:2)
  A giant cockroach (D:1)
  11 goblins
  6 hobgoblins
  3 jackals (D:1)
  4 kobolds
  A quokka (D:2)
  A frilled lizard (D:1)
  3 rats
39 creatures vanquished.

Notes
Turn   | Place    | Note
-------+----------+-------------------------------------------
     0 | D:1      | Minion the Human Wanderer began the quest for the Orb.
     0 | D:1      | Minion set off with: a book of Battle, a +0 quarterstaff, a +0 robe, a +0 dagger, a bread ration
     0 | D:1      | Reached XP level 1. HP: 13/13 MP: 1/1
    15 | D:1      | Reached skill level 1 in Staves
   277 | D:1      | Reached XP level 2. HP: 17/19 MP: 2/2
   806 | D:1      | Reached skill level 1 in Maces & Flails
  1198 | D:2      | Reached XP level 3. HP: 22/24 MP: 3/3
  1275 | D:2      | Found a hide-covered altar of Uskayaw.
  1298 | D:2      | Became a worshipper of Uskayaw the Reveler
  1328 | D:2      | Reached * piety under Uskayaw
  1387 | D:2      | Noticed Terence
  1835 | D:2      | Noticed Robin
  1845 | D:2      | Reached ** piety under Uskayaw
  1848 | D:2      | Reached *** piety under Uskayaw
  1853 | D:2      | Reached **** piety under Uskayaw
  1859 | D:2      | Killed Robin
  1859 | D:2      | Reached XP level 4. HP: 28/31 MP: 4/4
  1860 | D:2      | Reached ***** piety under Uskayaw
  1861 | D:2      | Reached skill level 1 in Axes
  1873 | D:2      | Reached skill level 1 in Armour
  2180 | D:2      | Slain by Terence

Skill      XL: |  1  2  3  4 |
---------------+-------------+-----
Staves         | 1 |  1.6
Maces & Flails | 1 |  1.9
Axes           | 1 |  1.1
Armour         | 1 |  1.1
Fighting       | |  0.8
Long Blades    | |  2.0
Dodging        | |  0.4
Stealth        | |  2.0
Hexes          | |  3.0
Charms         | |  2.0
Evocations     | |  1.0

Action                   |  1- 3 |  4- 6 || total
-------------------------+-------+-------++-------
Melee: Quarterstaff      |    17 |       ||    17
       Mace              |    48 |       ||    48
       Hand axe          |    34 |    76 ||   110
Invok: Stomp             |     1 |       ||     1
 Stab: Paralysed         |     2 |       ||     2
  Eat: Chunk             |     2 |     2 ||     4
Armor: Robe              |     3 |       ||     3
       Ring mail         |    32 |    26 ||    58
Dodge: Dodged            |    60 |    38 ||    98
